Map: Apotheosis LE

Players

Pokebunny - Winner!

  • Race: Terran Terran
  • League: Master

RuFF

  • Race: Terran Terran
  • League: Grandmaster

Event: Cheesadelphia Summer 2016

VOD

Have the link to the VOD?

Description

Time

  • Played on: July 24, 2016, 2:47 p.m.
  • Length: 10:37

All games in this series

Show
View Real Time Build Order
Export as new Build Order

Pokebunny Terran - Winner!

Build Orders: Reaper Expand, Bio Tank 

Get SALT Encoding   

  12  0:01  SCV  
  13  0:13  SCV  
  14  0:17  Supply Depot  
  14  0:25  SCV  
  15  0:39  SCV  
  15  0:40  Barracks  
  16  0:44  Refinery  
  16  0:51  SCV  
  17  1:03  SCV  
  18  1:15  SCV  
  19  1:28  Reaper, Orbital Command  
  20  1:44  Command Center  
  20  1:56  SCV  
  20  1:58  Supply Depot  
  21  2:01  Marine  
  22  2:09  Factory  
  22  2:11  SCV  
  23  2:20  Marine, Refinery  
  24  2:25  SCV  
  25  2:39  Marine  
  26  2:46  SCV  
  27  2:55  Starport  
  27  2:56  Factory Tech Lab  
  27  2:57  Orbital Command  
  27  2:58  SCV  
  28  2:59  Barracks Reactor  
  28  3:10  SCV  
  29  3:15  Barracks  
  29  3:17  Cyclone  
  33  3:22  SCV  
  33  3:23  SCV  
  35  3:31  Supply Depot  
  35  3:36  Marine  
  35  3:37  Marine, Medivac  
  35  3:41  SCV x2  
  41  3:49  Supply Depot  
  40  3:56  Marine x2  
  40  3:57  SCV x2  
  40  4:00  Refinery  
  40  4:01  Siege Tank  
  47  4:03  Barracks Tech Lab  
  47  4:10  SCV x2  
  49  4:17  Starport Reactor  
  49  4:22  SCV x2  
  51  4:24  Marine x3  
  51  4:30  Stimpack  
  54  4:32  Supply Depot  
  54  4:44  Barracks  
  54  4:45  Barracks  
  54  4:46  Barracks  
  54  4:50  SCV x2  
  56  4:55  Siege Tank  
  59  5:01  Marine x2  
  59  5:02  Marine  
  59  5:03  Medivac  
  59  5:05  SCV  
  59  5:06  SCV  
  66  5:09  Medivac  
  68  5:16  Supply Depot  
  68  5:29  Marine x2  
  70  5:37  Marine, Siege Tank, SCV x2  
  76  5:47  Barracks Tech Lab, Barracks Reactor  
  76  5:48  Barracks Reactor  
  76  5:49  SCV x2  
  78  5:51  Supply Depot  
  78  5:54  Engineering Bay  
  78  5:55  Supply Depot  
  77  6:06  Medivac  
  77  6:10  Marine  
  77  6:11  Marine, Marauder x2  
  78  6:13  Medivac  
  78  6:14  SCV x2  
  80  6:18  Refinery  
  80  6:24  Marine x4  
  80  6:25  Combat Shields  
  84  6:27  SCV x2  
  84  6:29  Marine  
  84  6:30  Marine  
  88  6:34  Marine  
  88  6:35  Marine  
  88  6:38  Siege Tank  
  93  6:40  SCV  
  93  6:43  Supply Depot x2  
  93  6:46  SCV  
  95  6:47  Marine x5  
  100  6:55  Supply Depot  
  100  6:56  Supply Depot, Medivac  
  100  6:59  Terran Infantry Weapons Level 1  
  102  7:06  Marine x3  
  102  7:07  Marine x2  
  109  7:15  Siege Tank  
  109  7:19  Marine  
  109  7:20  Marauder x2  
  101  7:34  Marine x3  
  101  7:36  Medivac x2  
  102  7:37  SCV  
  102  7:38  SCV  
  102  7:40  Supply Depot  
  102  7:41  Marauder  
  106  7:47  Siege Tank  
  106  7:48  Marine x3  
  112  7:57  Marine x3  
  109  8:10  Marine x2, Marauder  
  109  8:11  Marine, Marauder  
  103  8:13  Medivac x2  
  103  8:14  Marine  
  108  8:21  Siege Tank  
  111  8:37  Marine x4, Marauder  
  111  8:38  Marauder  
  111  8:39  SCV x2  
  116  8:49  Marine x2  
  116  8:52  Command Center  
  116  8:53  Siege Tank  
  116  8:55  Marine  
  121  8:56  SCV x2  
  123  9:08  Marine x4, Marauder  
  123  9:09  Marauder  
  131  9:13  Medivac  
  128  9:25  Marine x3  
  128  9:30  Marauder  
  131  9:37  Marine x2  
  131  9:38  Marauder  
  122  9:49  Marine x4  
  122  9:51  Marauder  
  125  9:53  Medivac x2, Siege Tank  
  125  9:55  Marine x2  
Show
View Real Time Build Order
Export as new Build Order

RuFF Terran 

Build Orders:  

Get SALT Encoding   

  12  0:00  SCV  
  13  0:12  SCV  
  14  0:17  Supply Depot  
  14  0:24  SCV  
  15  0:31  Refinery  
  15  0:38  SCV  
  16  0:45  Barracks  
  16  0:50  SCV  
  17  1:02  SCV  
  18  1:15  SCV  
  19  1:27  SCV  
  19  1:32  Reaper  
  21  1:39  Orbital Command  
  21  1:46  Command Center  
  21  1:57  Factory  
  21  2:03  Refinery  
  21  2:08  SCV  
  22  2:10  Barracks Reactor  
  22  2:17  Supply Depot  
  22  2:20  SCV  
  23  2:37  SCV  
  23  2:49  SCV  
  24  2:52  Starport  
  24  2:54  Hellion x2  
  28  3:01  SCV  
  28  3:04  Starport  
  29  3:13  SCV  
  29  3:14  Orbital Command  
  29  3:18  Hellion  
  32  3:24  Hellion  
  32  3:27  SCV  
  35  3:32  Starport Tech Lab  
  35  3:39  SCV  
  35  3:40  Refinery  
  36  3:44  SCV  
  37  3:49  Viking  
  37  3:52  SCV  
  40  3:55  Raven  
  40  3:57  SCV  
  40  4:01  Refinery  
  43  4:05  SCV  
  43  4:07  Hellion  
  46  4:12  Supply Depot  
  46  4:20  Corvid Reactor  
  46  4:21  Starport Tech Lab, SCV  
  47  4:25  SCV  
  47  4:28  Hellion  
  50  4:33  SCV  
  50  4:37  SCV  
  52  4:43  Raven  
  54  4:46  SCV  
  54  4:48  Supply Depot  
  54  4:49  SCV  
  54  4:51  Supply Depot  
  56  4:58  SCV  
  56  4:59  Raven  
  59  5:02  SCV  
  60  5:09  Hellion x2  
  60  5:10  SCV  
  65  5:16  Explosive Shrapnel Shells  
  65  5:21  SCV  
  65  5:31  Banshee  
  68  5:41  Hellion x2  
  68  5:42  Raven  
  72  5:50  SCV  
  72  5:51  SCV  
  72  5:55  Command Center  
  74  6:03  Hellion  
  61  6:13  Hellion  
  61  6:14  SCV  
  61  6:17  Raven  
  66  6:21  SCV  
  66  6:24  Hellion  
  66  6:25  Engineering Bay  
  69  6:26  Raven, SCV  
  72  6:34  Hellion  
  72  6:35  SCV  
  72  6:38  SCV  
  72  6:39  Supply Depot  
  76  6:45  Supply Depot  
  76  6:47  SCV  
  77  6:55  Building Armor  
  77  7:01  Factory  
  77  7:02  Raven  
  77  7:05  SCV  
  80  7:10  SCV  
  73  7:35  Hellion x2, Raven  
  73  7:36  SCV  
  72  7:43  SCV  
  73  7:44  Raven  
  73  7:46  Factory Tech Lab  
  75  8:01  Hellion x2  
  75  8:13  SCV  
  75  8:16  Command Center  
  75  8:17  Hellion  
  75  8:18  Infernal Pre-Igniter  
  75  8:19  Command Center  
  78  8:20  Banshee  
  78  8:22  Hellion  
  83  8:27  Hellion  
  83  8:28  Banshee  
  79  8:52  Hellion x3  
  79  8:53  SCV  
  86  8:57  SCV  
  82  9:03  Banshee  
  80  9:13  Hellion x3  
  71  9:34  Hellion  
  71  9:35  Hellion x2  
  37  9:56  Hellion x3  
Tags
 
Add a new tag
Caveats
  • Supply blocks, unpowered buildings, or Contaminate may cause inaccurate times.
  • Supply counts are checked every 10 seconds.